 Dungeon Crawl Stone Soup version 0.26-b1-32-g5d43845318 (webtiles) character file.

Game seed: 3017724620732257410

139 Borgoz the Ducker (level 5, 0/45 HPs)
             Began as a Ghoul Gladiator on Jan 13, 2021.
             Slain by an orc
             ... wielding a +0 whip
              (2 damage)
             ... on level 3 of the Dungeon.
             The game lasted 00:02:41 (2486 turns).

Borgoz the Ducker (Ghoul Gladiator)                 Turns: 2486, Time: 00:02:42

Health: 0/45       AC:  4    Str: 18    XL:     5   Next: 22%
Magic:  4/4        EV: 12    Int:  3    God:
Gold:   113        SH:  4    Dex: 11    Spells: 4/4 levels left

rFire    + . .     SeeInvis .   a - +0 long sword
rCold    + + .     Faith    .   j - +1 buckler {rC+ rF+}
rNeg     + + +     Spirit   .   b - +0 leather armour
rPois    ∞         Reflect  .   c - +0 helmet
rElec    .         Harm     .   (no cloak)
rCorr    .         Rampage  .   (no gloves)
Will     .....                  (no boots)
Stlth    +.........             (no amulet)
HPRegen  0.00/turn              (no ring)
MPRegen  0.09/turn              (no ring)

@: no status effects
A: claws 1, cold resistance 1, negative energy resistance 3, inhibited
regeneration, torment resistance, unbreathing
a: no special abilities


You were on level 3 of the Dungeon.
You visited 1 branch of the dungeon, and saw 3 of its levels.

You collected 113 gold pieces.

Inventory:

Hand Weapons
 a - a +0 long sword (weapon)
Missiles
 d - 4 throwing nets (quivered)
Armour
 b - a +0 leather armour (worn)
 c - a +0 helmet (worn)
 j - a +1 buckler of resistance (worn)
Scrolls
 g - a scroll of remove curse
 i - a scroll of enchant weapon {unknown}
Potions
 f - a potion of resistance
 h - a potion of cancellation


   Skills:
 * Level 3.4 Fighting
 * Level 3.4 Long Blades
 - Level 1.7 Throwing
 * Level 1.9 Armour
 * Level 3.4 Dodging


You had 4 spell levels left.
You didn't know any spells.
Your spell library was empty.

Dungeon Overview and Level Annotations

Branches:
Dungeon (3/15)

Altars:
Dithmenos


Innate Abilities, Weirdness & Mutations

You thrive by killing the living.
You are immune to poison.
You have sharp fingernails.
Your flesh is cold resistant. (rC+)
You are immune to negative energy. (rN+++)
You do not regenerate when monsters are visible.
You are immune to unholy pain and torment.
You can survive without breathing.


Message History

You hit the adder.
The adder is lightly wounded.
You block the adder's attack.
You barely miss the adder.
The adder is lightly wounded.
The adder closely misses you.
You riposte.
Your shield and leather armour prevent you from hitting the adder.
The adder is lightly wounded.
The adder bites you.
* * * LOW HITPOINT WARNING * * *
You hit the adder.
The adder is heavily wounded.
The adder closely misses you.
You riposte.
You barely miss the adder.
The adder is heavily wounded.
The adder closely misses you.
You hit the adder.
You kill the adder!
The orc hits you but does no damage.
You barely miss the orc. The orc hits you with a +0 whip.
You die... #.......#..# oo#

#.⌠...⌠.##.###†##
#.......#..##§o.# #
+...⌠...'..#§#§#.#.#
#.......##.§§§_§§..
#.⌠...⌠.####§#.#.#
#.......#..§#§§§##
####)####.####.####.
#....†.Bwo@.§.....
#.##..#####.####..
#. #..# .# #..(..#
.# ....... ##
#...(.... #.....$...
#......B..#


You could see a worm, an orc and a giant cockroach.

Vanquished Creatures
  An orc priest (D:3)
  3 adders
  2 oozes
  3 worms
  4 dart slugs
  6 orcs (D:3)
  6 bats
  4 giant cockroaches (D:1)
  5 goblins
  3 hobgoblins
  A jackal (D:1)
  6 kobolds
  3 ball pythons (D:2)
  4 frilled lizards
  4 rats
55 creatures vanquished.

Vanquished Creatures (others)
  2 plants (D:2)
2 creatures vanquished.

Grand Total: 57 creatures vanquished

Notes
Turn   | Place    | Note
-------+----------+-------------------------------------------
     0 | D:1      | Borgoz the Ghoul Gladiator began the quest for the Orb.
     0 | D:1      | Reached XP level 1. HP: 17/17 MP: 0/0
   391 | D:1      | Reached XP level 2. HP: 8/25 MP: 1/1
   756 | D:1      | Reached skill level 1 in Armour
   756 | D:1      | Reached XP level 3. HP: 23/30 MP: 2/2
  2023 | D:2      | Reached XP level 4. HP: 34/38 MP: 3/3
  2416 | D:3      | Found a shadowy altar of Dithmenos.
  2433 | D:3      | Reached XP level 5. HP: 22/45 MP: 4/4
  2483 | D:3      | HP: 2/45 [adder (5)]
  2486 | D:3      | Slain by an orc

Illustrated notes

Levels and vault maps discovered:
D:1:      lemuel_arrival_behind_the_door_small, layout_basic, chequers_jeans,
          st_stairs_2, chequers_serial_rivers_micro_b, minmay_misc_feat_encased
D:2:      cheibrodos_old_hovel, layout_loops_ring, dk_noncrumbling_4,
          item_on_display_a
D:3:      layout_rooms, chequers_mini_garden, minmay_fountain_box,
          chequers_serial_rivers_large_b, grunt_dithmenos_smoke_and_mirrors,
          uniq_grinder

Skill      XL: |  1  2  3 |
---------------+----------+-----
Long Blades    | 3 |  3.4
Armour         | 1 |  1.9
Dodging        | 3 |  3.4
Fighting       | 3 |  3.4
Throwing       | |  1.7

Action                   |  1- 3 |  4- 6 || total
-------------------------+-------+-------++-------
Melee: Long sword        |   116 |    78 ||   194
Throw: Throwing net      |     1 |       ||     1
  Use: Scroll            |     5 |     2 ||     7
       Potion            |       |     1 ||     1
 Stab: Held in net/web   |     1 |       ||     1
Armor: Leather armour    |    23 |    18 ||    41
Dodge: Dodged            |    65 |    54 ||   119
Block: Buckler           |    10 |    21 ||    31
       Rpst.: Long sword |    20 |    18 ||    38
